[Event "Titled Tuesday Blitz August 09 Early 2022"]
[White "Khabinets, Ivan"]
[Black "Gheorghiu, Calin"]
[WhiteFideId "14115980"]
[BlackFideId "1200305"]
[WhiteElo "2114"]
[BlackElo "2168"]
[Result "1-0"]
[Round "05"]
[TimeControl "180+1"]
[Date "2022.08.09"]
[WhiteClock "0:00:48"]
[BlackClock "0:00:03"]

1. e4 c5 2. Nf3 d6 3. Bb5+ Nd7 4. a4 a6 5. Be2 b6 6. Nc3 Bb7 7. d4 cxd4 8. Qxd4 Ngf6 9. O-O e6 10. Rd1 Be7 11. e5 dxe5 12. Nxe5 Nxe5 13. Qxe5 Qb8 14. Bf4 Qxe5 15. Bxe5 Nd7 16. Bf4 Bf6 17. Ra3 Rc8 18. Be3 Nc5 19. f3 Ke7 20. b4 Nd7 21. Ne4 Rxc2 22. Bd3 Rb2 23. b5 a5 24. Nd6 Bd5 25. Nc4 Rb4 26. Nxb6 Nxb6 27. Bxb6 Bb2 28. Bc5+ Kd7 29. Bxb4 axb4 30. Raa1 Bxa1 31. Rxa1 Ra8 32. a5 b3 33. a6 Kc7 34. Kf2 Kb6 35. Ke3 Rc8 36. Kd4 Rd8 37. Kc3 Rc8+ 38. Kb2 Rc5 39. Rc1 Rxc1 40. Kxc1 e5 41. Bxh7 g6 42. Kb2 f5 43. Bxg6 e4 44. Bxf5 e3 45. Bd3 Ba8 46. h4 Kc5 47. Be2 Bd5 48. h5 Bc4 49. a7 Bd5 50. h6 Kb6 51. h7 1-0


[Site "https://www.chess.com"]

[Event "Titled Tuesday Blitz August 09 Early 2022"]
[White "Khripachenko, Alexander"]
[Black "Daeschler, Florian"]
[WhiteFideId "54184975"]
[BlackFideId "20678193"]
[WhiteElo "2233"]
[BlackElo "2187"]
[Result "1-0"]
[Round "05"]
[TimeControl "180+1"]
[Date "2022.08.09"]
[WhiteClock "0:01:25"]
[BlackClock "0:00:02"]

1. e4 c5 2. Nf3 d6 3. d4 cxd4 4. Qxd4 a6 5. h3 Nc6 6. Qe3 g6 7. Be2 Bh6 8. Qc3 e5 9. Bxh6 Nxh6 10. Qd2 Ng8 11. Nc3 Nf6 12. O-O-O O-O 13. Qxd6 Be6 14. Qxd8 Raxd8 15. Rxd8 Rxd8 16. Rd1 Rc8 17. Ng5 Nd4 18. Nxe6 fxe6 19. Bd3 Nh5 20. Ne2 Nf4 21. Nxd4 exd4 22. Bf1 e5 23. g3 Ne6 24. b3 Kg7 25. Bc4 Ng5 26. Re1 b5 27. Bd5 d3 28. c4 bxc4 29. Bxc4 Rd8 30. Kd1 a5 31. h4 Nf3 32. Re3 Nd4 33. Rxd3 Kf6 34. f4 Ra8 35. Kd2 a4 36. b4 Rc8 37. Bd5 Rc2+ 38. Kd1 Rb2 39. a3 h6 40. Rc3 g5 41. fxg5+ hxg5 42. Bc6 Rb1+ 43. Kd2 Rb2+ 44. Kd3 Rb3 45. hxg5+ Kxg5 46. Bxa4 Rb2 47. Bd1 Rb1 48. Bc2 Rc1 49. Rc5 Kg4 50. a4 Kxg3 51. a5 Kf2 52. a6 Ne2 53. a7 Nf4+ 54. Kc3 Ne2+ 55. Kb2 1-0


[Site "https://www.chess.com"]

[Event "Titled Tuesday Blitz August 09 Early 2022"]
[White "Kilic, Eray"]
[Black "Shuvalov, Evgenij"]
[WhiteFideId "44517173"]
[BlackFideId "4187237"]
[WhiteElo "1776"]
[BlackElo "2058"]
[Result "0-1"]
[Round "05"]
[TimeControl "180+1"]
[Date "2022.08.09"]
[WhiteClock "0:00:50"]
[BlackClock "0:01:14"]

1. e4 e6 2. d4 d5 3. e5 c5 4. c3 Nc6 5. Nf3 Qb6 6. Bd3 cxd4 7. cxd4 Bd7 8. O-O Nxd4 9. Nbd2 Ne7 10. Nxd4 Qxd4 11. Nf3 Qa4 12. b3 Qa5 13. Bd2 Qd8 14. Rc1 Nc6 15. Re1 Ba3 16. Rc3 Bb4 17. Rc1 Ba3 18. Rc3 Bb4 19. Rc2 Bxd2 20. Qxd2 Qb6 21. Qf4 h6 22. Qg3 O-O 23. Rd2 Rac8 24. h4 Qb4 25. Rdd1 Ne7 26. Nh2 Bb5 27. Bb1 Rc3 28. Re3 Rfc8 29. Ng4 Kf8 30. Kh2 Be2 31. a3 Qxg4 32. Rxc3 Qxg3+ 33. Rxg3 Bxd1 34. b4 Ba4 35. h5 Rc1 36. Bd3 Rc3 37. Rf3 d4 38. Kg3 Bc6 0-1


[Site "https://www.chess.com"]

[Event "Titled Tuesday Blitz August 09 Early 2022"]
[White "Kiseljova, Marya"]
[Black "Gardezi, Arsal"]
[WhiteFideId "4155009"]
[BlackFideId "30949521"]
[WhiteElo "1697"]
[BlackElo "1781"]
[Result "1-0"]
[Round "05"]
[TimeControl "180+1"]
[Date "2022.08.09"]
[WhiteClock "0:00:55"]
[BlackClock "0:00:16"]

1. d4 d5 2. c4 c6 3. Nc3 Nf6 4. cxd5 cxd5 5. Bf4 Nc6 6. e3 e6 7. Nf3 a6 8. Be2 Bd6 9. Bg3 O-O 10. O-O Re8 11. a3 b5 12. Rc1 Bb7 13. Bd3 Rc8 14. Bb1 h6 15. Ne5 Qc7 16. f4 Ne7 17. Qd3 Qd8 18. Bh4 Nf5 19. Bxf6 gxf6 20. Ng4 h5 21. Nh6+ Nxh6 22. Qh7+ Kf8 23. Qxh6+ Ke7 24. Qxh5 Rh8 25. Qf3 b4 26. axb4 Bxb4 27. Na4 a5 28. Nc5 Bxc5 29. dxc5 Ba6 30. Rfd1 Rc6 31. e4 Qc7 32. exd5 exd5 33. Qxd5 Bb7 34. Re1+ Re6 35. Rxe6+ fxe6 36. Qd2 Rd8 37. Qf2 Qc6 38. Ba2 Rg8 39. Rc2 Qd5 40. Bxd5 Bxd5 41. c6 Rxg2+ 42. Qxg2 Bxg2 43. Kxg2 Kd6 44. Kf3 Kc7 45. h4 a4 46. h5 a3 47. bxa3 f5 48. h6 Kd6 49. h7 Kc7 50. h8=Q 1-0


[Site "https://www.chess.com"]

[Event "Titled Tuesday Blitz August 09 Early 2022"]
[White "Kostina, Nadezhda"]
[Black "Ljukin, Sergei"]
[WhiteFideId "4195876"]
[BlackFideId "14102200"]
[WhiteElo "1980"]
[BlackElo "2312"]
[Result "1-0"]
[Round "05"]
[TimeControl "180+1"]
[Date "2022.08.09"]
[WhiteClock "0:00:18"]
[BlackClock "0:00:01"]

1. e4 e6 2. d4 d5 3. Nc3 Bb4 4. e5 Ne7 5. Qg4 c5 6. a3 Bxc3+ 7. bxc3 Qc7 8. Bd3 Qa5 9. Ne2 c4 10. Qxg7 Rg8 11. Qxh7 cxd3 12. cxd3 Nbc6 13. O-O Bd7 14. Rb1 O-O-O 15. Qxf7 Qa4 16. h4 Rdf8 17. Qh7 Rh8 18. Qg7 Qc2 19. Rb2 Qxd3 20. Bg5 Nf5 21. Qg6 Rfg8 22. Qf6 Rf8 23. Qg6 b6 24. Nf4 Qe4 25. Nxe6 Rfg8 26. Qf7 Nxh4 27. f3 Qg6 28. Qxg6 Nxg6 29. Nf4 Nxf4 30. Bxf4 Na5 31. g4 Nc4 32. Ra2 Be6 33. Kg2 Rf8 34. Kg3 Rf7 35. Bc1 Rg8 36. Rh2 Bxg4 37. Kf2 Rxf3+ 38. Ke1 Rgf8 39. Rxf3 Rxf3 40. Rg2 1-0


[Site "https://www.chess.com"]

[Event "Titled Tuesday Blitz August 09 Early 2022"]
[White "Kostiukov, Alexandr"]
[Black "White, John S."]
[WhiteFideId "14108100"]
[BlackFideId "2502348"]
[WhiteElo "2202"]
[BlackElo "1587"]
[Result "1-0"]
[Round "05"]
[TimeControl "180+1"]
[Date "2022.08.09"]
[WhiteClock "0:00:43"]
[BlackClock "0:00:23"]

1. g3 d5 2. Bg2 c5 3. d3 Nf6 4. e4 dxe4 5. dxe4 Qxd1+ 6. Kxd1 e5 7. f3 Nc6 8. Be3 Be6 9. Nd2 Nd4 10. c3 Nc6 11. Bh3 O-O-O 12. Bxe6+ fxe6 13. Nh3 h6 14. Ke2 Be7 15. Nf2 Rd7 16. a4 Rhd8 17. Nc4 Nh7 18. Rhd1 b6 19. Rxd7 Rxd7 20. Nd3 Bf6 21. h4 g5 22. hxg5 Nxg5 23. Bxg5 hxg5 24. Rh1 Rg7 25. Rh6 Be7 26. Rxe6 Kd7 27. Rh6 g4 28. Ndxe5+ Nxe5 29. Nxe5+ Kc7 30. Nxg4 Bg5 31. Rh1 Rd7 32. f4 Bf6 33. Nxf6 1-0


[Site "https://www.chess.com"]

[Event "Titled Tuesday Blitz August 09 Early 2022"]
[White "Krzywda, Andrzej"]
[Black "Adury, Anant"]
[WhiteFideId "1114565"]
[BlackFideId "30964687"]
[WhiteElo "2098"]
[BlackElo "2333"]
[Result "1-0"]
[Round "05"]
[TimeControl "180+1"]
[Date "2022.08.09"]
[WhiteClock "0:00:04"]
[BlackClock "0:00:05"]

1. e4 d6 2. d4 Nf6 3. Nc3 e5 4. Nge2 Be7 5. g3 c6 6. a4 Nbd7 7. Bg2 O-O 8. O-O b6 9. h3 Bb7 10. Be3 Re8 11. g4 Bf8 12. Ng3 exd4 13. Bxd4 Nc5 14. g5 Nfd7 15. f4 g6 16. Qd2 Ba6 17. Rf2 Ne6 18. Be3 c5 19. Nd5 Nd4 20. Rd1 Bg7 21. c3 Nb3 22. Qc2 c4 23. e5 Ndc5 24. Nf6+ Bxf6 25. Rxd6 Qc7 26. gxf6 Rad8 27. Rc6 Qd7 28. Kh2 Nd3 29. Rd6 Qc7 30. Rxd8 Rxd8 31. Rf1 Bb7 32. Be4 Bxe4 33. Nxe4 Nxe5 34. fxe5 Qxe5+ 35. Bf4 Qf5 36. Rf2 Re8 37. Ng3 Qd5 38. Re2 Rd8 39. Bh6 Nc5 40. Rd2 Nd3 41. Qd1 Re8 42. Re2 Rd8 43. Qf1 Qd7 44. Qf3 Nc5 45. Qg4 Ne6 46. Qh4 Qd3 47. Rg2 Qd1 48. Be3 Qxa4 49. Nf5 Qe8 50. Ne7+ Kh8 51. Qh6 Qf8 52. Qh4 Qg8 53. Bd4 Qf8 54. Be5 Nc5 55. Bf4 Nd3 56. Bh6 Qe8 57. Bg7# 1-0


[Site "https://www.chess.com"]

[Event "Titled Tuesday Blitz August 09 Early 2022"]
[White "Le, Tuan Minh"]
[Black "Kravtsiv, Martyn"]
[WhiteFideId "12401153"]
[BlackFideId "14113147"]
[WhiteElo "2530"]
[BlackElo "2694"]
[Result "0-1"]
[Round "05"]
[TimeControl "180+1"]
[Date "2022.08.09"]
[WhiteClock "0:00:09"]
[BlackClock "0:01:12"]

1. d4 d5 2. Nf3 e6 3. Bf4 c5 4. c3 Nc6 5. e3 Nf6 6. Nbd2 Bd6 7. Bg3 O-O 8. Bb5 h6 9. O-O Bxg3 10. hxg3 Qb6 11. Qa4 Bd7 12. Bxc6 Bxc6 13. Qa3 Nd7 14. Rac1 Rfc8 15. c4 Qb4 16. Qxb4 cxb4 17. Rfd1 a5 18. c5 Bb5 19. Nb1 b6 20. cxb6 Nxb6 21. b3 Rxc1 22. Rxc1 Rc8 23. Rxc8+ Nxc8 24. Nfd2 Bd3 25. f3 Nd6 26. Kf2 Nb5 27. e4 Nc3 0-1


[Site "https://www.chess.com"]

[Event "Titled Tuesday Blitz August 09 Early 2022"]
[White "Lebedev, Artem S."]
[Black "Martinez, Shawn"]
[WhiteFideId "34272747"]
[BlackFideId "2039770"]
[WhiteElo "1699"]
[BlackElo "2174"]
[Result "0-1"]
[Round "05"]
[TimeControl "180+1"]
[Date "2022.08.09"]
[WhiteClock "0:00:02"]
[BlackClock "0:00:19"]

1. e4 c5 2. Nf3 e6 3. d4 cxd4 4. Nxd4 a6 5. Nc3 Bb4 6. Bd3 d6 7. O-O Nf6 8. Bg5 Bxc3 9. bxc3 e5 10. Ne2 h6 11. Bh4 g5 12. Bg3 O-O 13. h4 Nh5 14. c4 Nd7 15. Nc3 Nf4 16. hxg5 Qxg5 17. Nd5 Nc5 18. Bxf4 exf4 19. Qf3 Ne6 20. g3 Kh8 21. Kg2 Rg8 22. Rh1 Bd7 23. Nxf4 Nxf4+ 24. Kf1 Nxd3 25. cxd3 f5 26. Rh5 Qg7 27. Qf4 Qxa1+ 28. Kg2 Rg6 29. Rxh6+ Rxh6 30. Qxh6+ Kg8 31. Qxd6 Qg7 32. e5 Bc6+ 33. Kg1 Re8 34. d4 Bf3 35. Kf1 f4 0-1


[Site "https://www.chess.com"]

[Event "Titled Tuesday Blitz August 09 Early 2022"]
[White "Lehtosaari, Mauri"]
[Black "Petrova, Irina"]
[WhiteFideId "501999"]
[BlackFideId "14124122"]
[WhiteElo "2496"]
[BlackElo "2021"]
[Result "1/2-1/2"]
[Round "05"]
[TimeControl "180+1"]
[Date "2022.08.09"]
[WhiteClock "0:00:07"]
[BlackClock "0:00:15"]

1. d4 d6 2. Nf3 g6 3. Bg5 Bg7 4. c3 Nd7 5. Nbd2 h6 6. Bh4 f5 7. e3 Ngf6 8. Bc4 e5 9. Qb3 Qe7 10. O-O-O Nb6 11. dxe5 dxe5 12. Bg3 Ne4 13. Nxe4 fxe4 14. Nh4 Bf5 15. Nxf5 gxf5 16. Be2 h5 17. h4 Qf7 18. Qxf7+ Kxf7 19. b3 Kg6 20. a4 a5 21. Kc2 Rhd8 22. f3 Nd7 23. fxe4 fxe4 24. Rhf1 Nc5 25. Bc4 Bf6 26. Rde1 Nd3 27. Re2 Rd6 28. Rd2 Rad8 29. Rfd1 Nc5 30. Rxd6 Rxd6 31. Rxd6 cxd6 32. Bd5 b6 33. Bf2 Bd8 34. Bc6 Kf5 35. Be8 Kg4 36. b4 Bxh4 37. Bxh4 Kxh4 38. bxc5 dxc5 39. Kb3 Kg3 40. Bxh5 Kxg2 41. Kc4 Kf2 42. Kb5 Kxe3 43. Kxb6 Kd2 44. Kxa5 Kxc3 45. Kb5 e3 46. a5 Kd2 47. a6 e2 48. Bxe2 Kxe2 49. a7 c4 50. a8=Q c3 51. Qe4+ Kd2 52. Qg2+ Kc1 53. Qf1+ Kb2 54. Qe2+ c2 55. Qxe5+ Kb1 56. Qe4 Kb2 57. Qe2 Ka1 58. Kb4 c1=Q 59. Kb3 Qb1+ 60. Ka3 Qc1+ 61. Kb3 Qb1+ 62. Ka3 Qc1+ 63. Kb3 1/2-1/2


[Site "https://www.chess.com"]

[Event "Titled Tuesday Blitz August 09 Early 2022"]
[White "Leve, Nitai"]
[Black "Jiganchine, Roman"]
[WhiteFideId "2006898"]
[BlackFideId "2603667"]
[WhiteElo "2144"]
[BlackElo "2300"]
[Result "1/2-1/2"]
[Round "05"]
[TimeControl "180+1"]
[Date "2022.08.09"]
[WhiteClock "0:00:02"]
[BlackClock "0:00:07"]

1. e4 c6 2. d4 d5 3. e5 Bf5 4. h4 h5 5. Bd3 Bxd3 6. Qxd3 Qa5+ 7. Nd2 e6 8. Nf3 Ne7 9. O-O Nf5 10. c4 Be7 11. a3 O-O 12. b4 Qa6 13. Qc2 Nd7 14. Rb1 Rac8 15. Re1 Nxh4 16. Nxh4 Bxh4 17. Qd1 g6 18. Nf3 Be7 19. c5 b6 20. Rb3 bxc5 21. dxc5 Qc4 22. Bg5 Bxg5 23. Nxg5 Qg4 24. Qxg4 hxg4 25. Rg3 a5 26. Rxg4 Rb8 27. Re3 Kg7 28. Rh4 Rh8 29. Rxh8 Rxh8 30. bxa5 Nxc5 31. Rc3 Nd7 32. Rxc6 Nxe5 33. Rc7 Kf6 34. f4 Ra8 35. Nh7+ Kg7 36. Ng5 Kf6 37. Nh7+ Kg7 38. fxe5 Kxh7 39. Rxf7+ Kh6 40. Re7 Rxa5 41. Rxe6 Rxa3 42. Rd6 Kg5 43. Rxd5 Kf5 44. Kf2 g5 45. e6+ Kxe6 46. Rxg5 Kf6 47. Rb5 Rc3 48. Rb4 Ra3 49. Kg1 Kg5 50. Kh2 Rc3 51. g3 Rc1 52. Kh3 Rh1+ 53. Kg2 Rc1 54. Rb3 Rd1 55. Kf3 Rf1+ 56. Kg2 Rc1 57. Rd3 Rb1 58. Rd2 Rc1 59. Ra2 Rb1 60. Ra5+ Kg4 61. Ra4+ Kg5 62. Ra2 Kg4 63. Rf2 Rc1 64. Rf4+ Kg5 65. Kh3 Rh1+ 66. Kg2 Rc1 67. Rf8 Rb1 68. Rf2 Rc1 69. Rd2 Rb1 70. Kf3 Rb3+ 71. Kg2 Rb1 72. Rd3 Rc1 73. Kf3 Rf1+ 74. Ke2 Rc1 75. Rf3 Rg1 76. Kf2 Rc1 77. Ra3 Rb1 78. Kg2 Rc1 79. Ra4 Rb1 80. Rf4 Rc1 1/2-1/2


[Site "https://www.chess.com"]

[Event "Titled Tuesday Blitz August 09 Early 2022"]
[White "Levitskiy, Andrey"]
[Black "Kukreja, Sankalp"]
[WhiteFideId "14132885"]
[BlackFideId "45027676"]
[WhiteElo "2293"]
[BlackElo "2004"]
[Result "0-1"]
[Round "05"]
[TimeControl "180+1"]
[Date "2022.08.09"]
[WhiteClock "0:00:04"]
[BlackClock "0:01:09"]

1. e4 c5 2. Nf3 g6 3. d4 cxd4 4. Nxd4 Bg7 5. c4 Nc6 6. Be3 Nf6 7. Nc3 O-O 8. Be2 b6 9. O-O Bb7 10. f3 e6 11. Ndb5 d5 12. cxd5 exd5 13. Nxd5 Nxd5 14. Qxd5 Qxd5 15. exd5 Nb4 16. Bf4 Nxd5 17. Bd6 Rfe8 18. Rae1 Rad8 19. Ba3 Bf8 20. Bxf8 Kxf8 21. Kf2 Ne3 22. Rg1 Nc2 23. Rd1 Nb4 24. Nd6 Re7 25. Nxb7 Rxd1 26. Rxd1 Rxb7 27. Bb5 Nxa2 28. Rd8+ Kg7 29. Rd4 a5 30. g4 Rc7 31. Ba4 h6 32. h4 Nb4 33. Kg3 g5 34. hxg5 hxg5 35. Rd6 Rc4 36. Bb5 Rc2 37. b3 f6 38. Rxb6 Nd5 39. Rb7+ Kf8 40. Bc4 Nf4 41. Rf7+ Ke8 0-1


[Site "https://www.chess.com"]

[Event "Titled Tuesday Blitz August 09 Early 2022"]
[White "Madaminov, Mukhiddin"]
[Black "Livaic, Leon"]
[WhiteFideId "14210703"]
[BlackFideId "14531534"]
[WhiteElo "2011"]
[BlackElo "2540"]
[Result "0-1"]
[Round "05"]
[TimeControl "180+1"]
[Date "2022.08.09"]
[WhiteClock "0:00:03"]
[BlackClock "0:00:17"]

1. d4 Nf6 2. Nc3 d5 3. Bf4 Bf5 4. f3 e6 5. g4 Bg6 6. h4 h5 7. g5 Nfd7 8. e3 Bd6 9. Nh3 O-O 10. Bd3 Bxd3 11. Qxd3 g6 12. O-O-O Qe7 13. e4 c6 14. Rhe1 Nb6 15. Kb1 a5 16. exd5 Nxd5 17. Bxd6 Nxc3+ 18. Qxc3 Qxd6 19. Nf2 Nd7 20. Ne4 Qf4 21. Qe3 Qxe3 22. Rxe3 a4 23. c4 Rfd8 24. Kc2 Nb6 25. Kc3 Nc8 26. Ng3 Nd6 27. Kb4 b5 28. cxb5 Nxb5 29. Kc4 Rab8 30. Re5 Nc7 31. Rd2 Nd5 32. Ne4 Rb4+ 33. Kc5 Rb5+ 34. Kxc6 Rb6+ 35. Kc5 Rc8# 0-1


[Site "https://www.chess.com"]

[Event "Titled Tuesday Blitz August 09 Early 2022"]
[White "Mahdavi, Reza"]
[Black "Large, Peter G"]
[WhiteFideId "12595926"]
[BlackFideId "400866"]
[WhiteElo "2226"]
[BlackElo "2064"]
[Result "1/2-1/2"]
[Round "05"]
[TimeControl "180+1"]
[Date "2022.08.09"]
[WhiteClock "0:01:14"]
[BlackClock "0:00:12"]

1. e4 e6 2. d4 d5 3. Nc3 dxe4 4. Nxe4 Bd7 5. Nf3 Bc6 6. Bd3 Nd7 7. Bf4 Ngf6 8. Nxf6+ Nxf6 9. Qe2 Bxf3 10. Qxf3 c6 11. Be5 Be7 12. O-O-O Qd5 13. Qxd5 exd5 14. f3 O-O 15. Rhe1 Rfe8 16. Re2 Nd7 17. Bf4 Bf6 18. c3 Rxe2 19. Bxe2 h6 20. Kc2 Bg5 21. Bg3 Re8 22. Bd3 Nf8 23. Re1 Rxe1 24. Bxe1 Ne6 25. g3 Kf8 26. a4 Ke8 27. Bf2 Kd7 28. b4 h5 29. b5 g6 30. c4 Bf6 31. bxc6+ bxc6 32. cxd5 cxd5 33. Bb5+ Kd6 34. Kc3 Ng7 35. g4 Ne6 36. Kd3 Bg5 37. Be1 Bf4 38. h4 Nc7 39. Bb4+ Ke6 40. Bc5 a6 41. Bc6 Bd6 42. Bb6 Bg3 43. Bb7 Kd6 44. Bxc7+ Kxc7 45. Bxd5 f6 46. Bf7 Bxh4 47. Bxg6 hxg4 48. fxg4 Kd6 49. Ke4 a5 50. Bf7 Bg5 51. Kf5 Be3 52. Ke4 Bf2 53. Kf5 Bxd4 54. Bc4 Kc5 55. Bb5 Kb4 56. Ke6 Bc3 57. Kf5 Bd4 58. Ke4 Bc3 59. Kd3 Be5 60. Ke3 Bc3 61. Ke4 Bb2 62. Kf5 Bd4 1/2-1/2


[Site "https://www.chess.com"]

[Event "Titled Tuesday Blitz August 09 Early 2022"]
[White "Maksimenko, Viktor"]
[Black "Szpar, Milosz"]
[WhiteFideId "13710478"]
[BlackFideId "1184989"]
[WhiteElo "2269"]
[BlackElo "2422"]
[Result "0-1"]
[Round "05"]
[TimeControl "180+1"]
[Date "2022.08.09"]
[WhiteClock "0:00:24"]
[BlackClock "0:00:44"]

1. d4 Nf6 2. c4 e6 3. Nf3 c5 4. d5 d6 5. Nc3 exd5 6. cxd5 g6 7. Bf4 a6 8. a4 Bg7 9. h3 O-O 10. e3 Ne8 11. Be2 Qe7 12. O-O Nd7 13. Re1 Rb8 14. Bf1 b6 15. Qc2 Ne5 16. Nd2 f5 17. Bh2 g5 18. f4 Ng6 19. e4 Bd4+ 20. Kh1 gxf4 21. exf5 Bxf5 22. Bd3 Bxd3 23. Qxd3 Ne5 24. Qxa6 Qh4 25. Rf1 Ng7 26. Nce4 f3 27. Bg3 Qh5 28. Bxe5 fxg2+ 29. Kxg2 Bxe5 30. Qd3 Nf5 31. Kh1 Ng3+ 32. Nxg3 Qxh3+ 33. Kg1 Bd4+ 34. Qxd4 cxd4 35. Nde4 Rxf1+ 36. Rxf1 Rf8 37. Rd1 Rf3 38. Nh1 Qg4+ 0-1


[Site "https://www.chess.com"]

[Event "Titled Tuesday Blitz August 09 Early 2022"]
[White "Maksimovic, Bojan"]
[Black "Melikyan, Gnel"]
[WhiteFideId "14408120"]
[BlackFideId "54109990"]
[WhiteElo "2447"]
[BlackElo "1772"]
[Result "1-0"]
[Round "05"]
[TimeControl "180+1"]
[Date "2022.08.09"]
[WhiteClock "0:01:50"]
[BlackClock "0:01:49"]

1. e4 e5 2. Nf3 Nc6 3. Bb5 Nf6 4. O-O Nxe4 5. Re1 Nd6 6. Nxe5 Be7 7. Bf1 Nxe5 8. Rxe5 O-O 9. d4 Bf6 10. Re1 Nf5 11. c3 d5 12. Nd2 c6 13. a4 Nd6 14. a5 Bf5 15. a6 b6 16. Nf3 Qd7 17. Ne5 Bxe5 18. dxe5 Nc4 19. b3 Na5 20. Ba3 c5 21. Bxc5 bxc5 22. Rxa5 Rfc8 23. b4 cxb4 24. Rxd5 Qe7 25. cxb4 Qxb4 26. h3 Be6 27. Rd6 Bc4 28. Re4 Qb3 29. Bxc4 1-0


[Site "https://www.chess.com"]

[Event "Titled Tuesday Blitz August 09 Early 2022"]
[White "Malka, Samuel"]
[Black "Rangel, Daniel"]
[WhiteFideId "20643675"]
[BlackFideId "2124475"]
[WhiteElo "2492"]
[BlackElo "2225"]
[Result "1-0"]
[Round "05"]
[TimeControl "180+1"]
[Date "2022.08.09"]
[WhiteClock "0:00:20"]
[BlackClock "0:00:03"]

1. Nf3 Nf6 2. c4 e6 3. g3 d5 4. d4 dxc4 5. Bg2 Be7 6. O-O O-O 7. Qc2 b5 8. a4 c6 9. axb5 cxb5 10. Ng5 h6 11. Bxa8 hxg5 12. Bg2 Qxd4 13. Be3 Qe5 14. Bxa7 Nbd7 15. Nc3 g6 16. Rfd1 Kg7 17. Bd4 Qb8 18. Ne4 e5 19. Be3 Ng4 20. Bxg5 Bxg5 21. Nxg5 Qb6 22. e3 Rh8 23. h4 Ndf6 24. Qd2 Nh5 25. Qd6 Qxd6 26. Rxd6 Nxe3 27. fxe3 Nxg3 28. Ra7 Rxh4 29. Nxf7 Bf5 30. Nxe5+ Kh6 31. Nf7+ Kh5 32. Bf3+ Bg4 33. Kf2 Nf5 34. Rd5 Rh2+ 35. Kg1 Rxb2 36. Ne5 Rb1+ 37. Kf2 Rb2+ 38. Ke1 Bxf3 39. Nxf3 Kg4 40. Ne5+ Kg3 41. Nxg6 Nxe3 42. Re5 Nc2+ 43. Kd2 Nb4+ 44. Kc3 Rb3+ 45. Kd2 Rb2+ 46. Ke3 Rb3+ 47. Ke4 Nc6 48. Rg5+ Kf2 49. Rb7 Re3+ 50. Kf4 Rf3+ 51. Kg4 Nd4 52. Ne5 1-0


[Site "https://www.chess.com"]

[Event "Titled Tuesday Blitz August 09 Early 2022"]
[White "Malyi, Viacheslav"]
[Black "Skliarov, Viktor"]
[WhiteFideId "14123983"]
[BlackFideId "14106736"]
[WhiteElo "2190"]
[BlackElo "2257"]
[Result "1-0"]
[Round "05"]
[TimeControl "180+1"]
[Date "2022.08.09"]
[WhiteClock "0:00:05"]
[BlackClock "0:00:08"]

1. d4 Nf6 2. Bg5 Ne4 3. h4 h6 4. Bf4 c5 5. dxc5 Qa5+ 6. Nd2 Qxc5 7. Nxe4 Qb4+ 8. Qd2 Qxe4 9. f3 Qa4 10. e4 Nc6 11. Ne2 d6 12. Nc3 Qa5 13. O-O-O Be6 14. a3 g6 15. Nd5 Qxd2+ 16. Rxd2 Rc8 17. Kb1 Bg7 18. Nb4 Nxb4 19. axb4 Bc4 20. Be3 a6 21. Bd4 Bxd4 22. Rxd4 Bxf1 23. Rxf1 g5 24. Rh1 Kd7 25. c3 Ke6 26. Rd5 f6 27. Kc2 Rcg8 28. g4 h5 29. hxg5 hxg4 30. Rxh8 Rxh8 31. fxg4 Rg8 32. gxf6 exf6 33. b5 Rxg4 34. bxa6 bxa6 35. Kd3 Rg2 36. b4 Ra2 37. Rh5 Ra1 38. Kc4 Ra2 39. Rh8 Re2 40. Kd3 Ra2 41. Re8+ Kd7 42. Ra8 Ra4 43. Kd4 Ke6 44. Re8+ Kd7 45. Ra8 Ke6 46. Ra7 Ra1 47. Kc4 Ra2 48. Ra8 Ra1 49. Re8+ Kd7 50. Ra8 Ke6 51. Ra7 Ra2 52. Kd3 Ra1 53. Ra8 Kd7 54. Rh8 Ke6 55. Rh7 Ra2 56. Rb7 Ra1 57. Ra7 Ra2 58. b5 Ra5 59. bxa6 d5 60. exd5+ Kxd5 61. Ra8 Kc6 62. Rf8 f5 63. a7 Rxa7 64. Rf6+ Kb7 65. Rxf5 Kb8 66. Rf8+ Kb7 67. Rf7+ Kb6 68. Rxa7 Kxa7 69. Kc4 Kb6 70. Kd5 Kb7 71. Kd6 Kc8 72. Kc6 Kb8 73. c4 Kc8 74. c5 Kb8 75. Kd6 Kc8 76. Kc6 Kd8 77. Kb7 Kd7 78. c6+ 1-0


[Site "https://www.chess.com"]

[Event "Titled Tuesday Blitz August 09 Early 2022"]
[White "Martin Alvarez, Inigo"]
[Black "Koutlas, Nikolaos"]
[WhiteFideId "2259354"]
[BlackFideId "25827138"]
[WhiteElo "2296"]
[BlackElo "1738"]
[Result "1-0"]
[Round "05"]
[TimeControl "180+1"]
[Date "2022.08.09"]
[WhiteClock "0:00:06"]
[BlackClock "0:00:07"]

1. e4 e5 2. Nf3 Nc6 3. Bb5 a6 4. Ba4 Nf6 5. Qe2 d6 6. O-O g6 7. d4 b5 8. dxe5 bxa4 9. exf6 Qxf6 10. Nc3 Bg7 11. Nd5 Qd8 12. Bg5 f6 13. Qc4 Bd7 14. Be3 Rb8 15. b3 a3 16. Qxa6 O-O 17. Qxa3 Ra8 18. Qc1 f5 19. Bg5 Qc8 20. exf5 Rxf5 21. c4 Bxa1 22. Qxa1 Qf8 23. Nf6+ Rxf6 24. Bxf6 Bg4 25. Ng5 h6 26. Ne4 Re8 27. f3 Bf5 28. Re1 Ne5 29. Bxe5 Rxe5 30. Qd4 Qe7 31. a4 c5 32. Qd3 Kg7 33. a5 d5 34. cxd5 Qa7 35. Qc3 c4+ 36. Kh1 Kg8 37. Qxe5 Qxa5 38. Qe8+ Kg7 39. Qe7+ Kh8 40. Nf6 Qxe1+ 41. Qxe1 cxb3 42. Qe8+ Kg7 43. Qe7+ Kh8 44. Qh7# 1-0


[Site "https://www.chess.com"]

[Event "Titled Tuesday Blitz August 09 Early 2022"]
[White "Martin Barcelo, Carles"]
[Black "Adewumi, Tanitoluwa"]
[WhiteFideId "24561444"]
[BlackFideId "30966396"]
[WhiteElo "1922"]
[BlackElo "2508"]
[Result "0-1"]
[Round "05"]
[TimeControl "180+1"]
[Date "2022.08.09"]
[WhiteClock "0:00:07"]
[BlackClock "0:00:04"]

1. e4 c5 2. Nf3 e6 3. g3 Nc6 4. Bg2 Nf6 5. Qe2 e5 6. O-O Be7 7. Nc3 O-O 8. Nd5 Re8 9. d3 d6 10. c3 Be6 11. Nd2 Bf8 12. a4 Bxd5 13. exd5 Ne7 14. c4 Nf5 15. Ne4 Nd4 16. Qd1 Nxe4 17. Bxe4 g6 18. Be3 Bg7 19. Bxd4 cxd4 20. Bg2 f5 21. Re1 a5 22. Qb3 Qc7 23. Qc2 Re7 24. Ra3 Rae8 25. Rb3 Qd7 26. Ra3 e4 27. dxe4 fxe4 28. Rxe4 Rxe4 29. Bxe4 Qg4 30. f3 Qh3 31. Qg2 Qh6 32. Ra1 Qe3+ 33. Qf2 Qb3 34. Qe2 Bh6 35. Ra3 Be3+ 36. Kg2 Qb4 37. Qc2 Qe1 38. Qb1 Qe2+ 39. Kh1 Re5 40. b3 Qf2 41. Ra2 Bd2 42. Qg1 Qxg1+ 43. Kxg1 Be3+ 44. Kf1 h5 45. h3 Kg7 46. Ke2 b6 47. Kd3 Kf6 48. Rg2 g5 49. g4 h4 50. Re2 Re8 51. Re1 Ke5 52. Rh1 Kf4 53. Ke2 Kg3 54. Kf1 Rf8 55. Ke2 Kg2 56. Rb1 Kxh3 57. b4 axb4 58. Rxb4 Bg1 59. Rxb6 d3+ 60. Bxd3 Bxb6 0-1


[Site "https://www.chess.com"]

[Event "Titled Tuesday Blitz August 09 Early 2022"]
[White "Matlakov, Maxim"]
[Black "Djokic, Mihailo"]
[WhiteFideId "4168003"]
[BlackFideId "976440"]
[WhiteElo "2669"]
[BlackElo "2246"]
[Result "1-0"]
[Round "05"]
[TimeControl "180+1"]
[Date "2022.08.09"]
[WhiteClock "0:02:48"]
[BlackClock "0:02:26"]

1. d4 Nf6 2. Nf3 g6 3. c4 Bg7 4. Nc3 O-O 5. Bg5 d6 6. e3 c5 7. Be2 Nc6 8. d5 Nb8 9. e4 h6 10. Bf4 g5 11. Be3 Ng4 12. Bd2 Nd7 13. h4 gxh4 14. Nxh4 Nde5 15. f4 1-0


[Site "https://www.chess.com"]